 Dungeon Crawl Stone Soup version 0.31.0-1-g2c135a008e (webtiles) character file.

Game seed: 11903488139291058718

72 qw the Shooter (level 4, -2/35 HPs)
             Began as a Djinni Hunter on Jan 24, 2024.
             Slain by an orc wizard
             ... wielding a +0 dagger
              (3 damage)
             ... on level 5 of the Dungeon.
             The game lasted 00:00:04 (1479 turns).

qw the Shooter (Djinni Hunter)                      Turns: 1479, Time: 00:00:05

Health: -2/35      AC:  7    Str: 10    XL:     4   Next: 50%
Gold:   135        EV: 12    Int: 11    God:
                   SH:  0    Dex: 18

rFire   + + .        a - +0 shortbow (heavy)
rCold   x . .        (shield currently unavailable)
rNeg    . . .        c - +0 leather armour
rPois   inf          (no helmet)
rElec   .            (no cloak)
rCorr   .            (no gloves)
SInv    .            (boots unavailable)
Will    .....        (no amulet)
Stlth   ++           l - +4 ring of protection
HPRegen 0.25/turn    (no ring)
MPRegen 0.00/turn

%: infuse magic (-3 HP)
@: flying
A: sickness immunity, fire resistance 2, cold vulnerability 1, float, innate
caster, HP casting, extra vitality 1
a: no special abilities


You were on level 5 of the Dungeon.
You visited 1 branch of the dungeon, and saw 4 of its levels.

You collected 135 gold pieces.


Innate Abilities, Weirdness & Mutations

You are immune to sickness and miasma.
You are immune to poison.
Your flesh is very heat resistant. (rF++)
You are vulnerable to cold. (rC-)
You float through the air rather than walking.
You learn spells naturally, not from books.
Your magical power is your life essence.
You have superior vitality. (+4 MHP)


   Skills:
 - Level 3.3 Fighting
 - Level 4.0 Ranged Weapons
 + Level 2.4 Dodging
 - Level 0.7 Stealth


You knew the following spells:

 Your Spells              Type           Power      Damage    Failure   Level
a - Magic Dart            Conj           0%         1d3       43%         1
Your spell library was empty.

Inventory:

Hand Weapons
 a - a +0 heavy shortbow (weapon)
Armour
 c - a +0 leather armour (worn)
Jewellery
 l - a +4 ring of protection (left hand)
Scrolls
 b - a scroll of immolation {unknown}
 g - a scroll of teleportation {unknown}
Potions
 d - a potion of enlightenment
 f - a potion of degeneration {unknown}
 i - a potion of ambrosia {unknown}

Dungeon Overview and Level Annotations

Branches:
Dungeon (3/15)

Altars:


Message History

You shoot an arrow. The arrow hits the ufetubus!
You kill the ufetubus!
The ufetubus barely misses you.
The ufetubus hits you but does no damage.
Something hits you. The ufetubus slips past you!
The ufetubus completely misses you.
The ufetubus hits you but does no damage.
Something hits you but does no damage. The ufetubus barely misses you.
The ufetubus hits you.
You shoot an arrow. The arrow misses the ufetubus.
The ufetubus hits you but does no damage.
The ufetubus barely misses you. Something hits you but does no damage.
The ufetubus misses you. The ufetubus closely misses you. Something hits you.
You shoot an arrow. The arrow barely misses the ufetubus.
The ufetubus misses you. The ufetubus barely misses you.
The ufetubus hits you but does no damage.
The ufetubus misses you. Something hits you. The ufetubus barely misses you.
The ufetubus misses you. Something hits you.
You shoot an arrow. The arrow closely misses the ufetubus.
The ufetubus barely misses you. The ufetubus misses you.
The ufetubus barely misses you. The ufetubus misses you.
Something barely misses you. The ufetubus closely misses you.
The ufetubus misses you.
You shoot an arrow.
The arrow completely misses the ufetubus.
The ufetubus barely misses you.
The ufetubus hits you but does no damage.
Something hits you but does no damage.
The ufetubus hits you but does no damage.
The ufetubus barely misses you. Something hits you.
The ufetubus slips past you! The ufetubus hits you. The ufetubus misses you.
You shoot an arrow. The arrow closely misses the ufetubus.
The ufetubus misses you. The ufetubus hits you. Something hits you.
The ufetubus closely misses you. The ufetubus hits you. Something hits you.
You shoot an arrow. The arrow hits the ufetubus.
The ufetubus is moderately wounded.
The ufetubus hits you. The ufetubus barely misses you. x2
The ufetubus hits you but does no damage.
Something hits you.
You die...

###.# ..#.##
#.#). #.#.#
##.#####.#.######
....(............
#......{5.......
#######.@......#
#.........
#..$..#...
......# .#
.#.###.# ..... .#
#. #.# # #. ..


You could see an ufetubus.

Vanquished Creatures
  An orc wizard (D:5)
  An ufetubus (D:5)
  3 dart slugs
  An orc (D:5)
  A bat (D:2)
  5 endoplasms
  6 hobgoblins
  2 kobolds
  2 quokkas
  4 ball pythons
  A frilled lizard (D:1)
  8 rats
35 creatures vanquished.

Notes
Turn   | Place    | Note
-------+----------+-------------------------------------------
     0 | D:1      | qw the Djinni Hunter began the quest for the Orb.
     0 | D:1      | Reached XP level 1. HP: 18/18 MP: 0/0
     0 | D:1      | 0 ||| qw: Version: 0.3-a-136-gdd3b4e8
     0 | D:1      | 0 ||| qw: Game counter: 1380
     0 | D:1      | 0 ||| qw: Melee chars always use a shield: true
     0 | D:1      | 0 ||| qw: God list: Okawaru
     0 | D:1      | 0 ||| qw: Allow faded altars: false
     0 | D:1      | 0 ||| qw: Do Orc after clearing Dungeon:15 true
     0 | D:1      | 0 ||| qw: Do second Lair branch before Depths: true
     0 | D:1      | 0 ||| qw: Lair rune preference: random
     0 | D:1      | 0 ||| qw: Goals: Normal
     0 | D:1      | 0 ||| PLANNING D:1-11
    55 | D:1      | Reached XP level 2. HP: 23/23 MP: 0/0
   337 | D:1      | Reached skill level 4 in Ranged Weapons
   337 | D:1      | Reached XP level 3. HP: 28/28 MP: 0/0
   337 | D:1      | Learned a level 1 spell: Magic Dart
   592 | D:1      | 592 ||| UPGRADING to +4 ring of protection.
   593 | D:1      | 593 ||| READING scroll labelled AMOIMU OSEORE.
   593 | D:1      | 593 ||| IDENTIFYING fuming cyan potion
   594 | D:1      | 594 ||| READING scroll labelled FUOTAB JOIRU.
   594 | D:1      | 594 ||| ENCHANTING +0 shortbow.
   595 | D:1      | 595 ||| READING scroll labelled DEALIVV SYGENK.
   595 | D:1      | 595 ||| BRANDING +0 shortbow.
   596 | D:1      | 596 ||| READING scroll labelled ROAPIPT HESTU.
   597 | D:1      | 597 ||| READING scroll labelled JEYMA ATERGHI.
   598 | D:1      | 598 ||| DRINKING 2 sedimented purple potions.
   599 | D:1      | 599 ||| DROPPING scroll of butterflies.
   600 | D:1      | 600 ||| DROPPING potion of brilliance.
  1366 | D:2      | 1366 ||| READING scroll labelled JOZXUNECLU.
  1367 | D:2      | 1367 ||| READING scroll labelled HUKHIK ZAKAFF.
  1368 | D:2      | 1368 ||| DRINKING 2 fuming emerald potions.
  1460 | D:3      | You are sucked into a shaft and drop 2 floors!
  1460 | D:5      | Entered Level 5 of the Dungeon
  1465 | D:5      | Reached skill level 3 in Fighting
  1465 | D:5      | Reached XP level 4. HP: 35/35 MP: 0/0
  1472 | D:5      | 1472 ||| DRINKING potion of curing.
  1472 | D:5      | 1472 ||| (to cure confusion)
  1478 | D:5      | HP: 6/35 [something (4)]
  1479 | D:5      | HP: 1/35 [ufetubus (3)]
  1479 | D:5      | Slain by an orc wizard

Levels and vault maps discovered:
D:1:      wheals_arrival_linesprint, layout_rooms
D:2:      layout_basic, serial_forest, infiniplex_forest_clump_double,
          infiniplex_forest_lined_room_3, infiniplex_forest_lined_room_2,
          infiniplex_forest_clump_cross, infiniplex_forest_clump_long,
          infiniplex_forest_lined_2, infiniplex_forest_end_3,
          minmay_tree_intersection
D:3:      layout_rooms, uniq_natasha
D:5:      layout_basic, minmay_misc_feat_rugged, st_stairs_14

Skill      XL: |  1  2  3 |
---------------+----------+-----
Ranged Weapons | 4 |  4.0
Fighting       | 3 |  3.3
Dodging        | |  2.4
Stealth        | |  0.7

Action                     |  1- 3 |  4- 6 || total
---------------------------+-------+-------++-------
   Fire: Shortbow          |    57 |    14 ||    71
    Use: Scroll            |     7 |       ||     7
         Potion            |     2 |     1 ||     3
 Armour: Leather armour    |     4 |    38 ||    42
  Dodge: Dodged            |     5 |    38 ||    43

Table legend:
 A = Non-vault XP
 B = Vault XP
 C = Vault XP percentage of total XP
 D = Non-vault monster count
 E = Vault monster count
 F = Vault count percentage of total count
                 A         B        C        D         E       F
            +---------+---------+-------+---------+---------+-------
      Total |     104 |       0 |   0.0 |      35 |       0 |   0.0
            +---------+---------+-------+---------+---------+-------
        D:1 |      30 |       0 |   0.0 |      17 |       0 |   0.0
        D:2 |      23 |       0 |   0.0 |      12 |       0 |   0.0
        D:3 |       4 |       0 |   0.0 |       3 |       0 |   0.0
        D:5 |      47 |       0 |   0.0 |       3 |       0 |   0.0
            +---------+---------+-------+---------+---------+-------
